[Event "*** Titled Tuesday Blitz"]
[Site "Chess.com"]
[Date "2021.03.30"]
[Round "1"]
[White "gui_borba"]
[Black "GMAkobianSTL"]
[Result "1-0"]
[WhiteElo "2451"]
[BlackElo "2814"]
[TimeControl "180+1"]
[EndTime "10:06:10 PDT"]
[Termination "gui_borba won by resignation"]

1. Nf3 d5 2. b3 c5 3. e3 a6 4. Bb2 Nc6 5. d4 Bg4 6. Be2 e6 7. O-O Nf6 8. Nbd2 Bd6 9. c4 O-O 10. h3 Bh5 11. Rc1 cxd4 12. Nxd4 Bxe2 13. Qxe2 Rc8 14.
Nxc6 Rxc6 15. Bxf6 Qxf6 16. cxd5 Rxc1 17. Rxc1 Qb2 18. Qd1 exd5 19. Rc2 Qe5 20. Nf3 Qe4 21. Rd2 Rc8 22. Rd4 Qc2 23. Rxd5 Qxd1+ 24. Rxd1 Ba3 25.
Rd7 b5 26. g4 f6 27. Nd4 g6 28.
Ra7 b4 29. Rxa6 Rc1+ 30. Kg2 Ra1 31. Rxf6 Rxa2 32. Ne6 h5 33. Rf8+ Kh7 34. Rf7+ Kg8 35. Rf8+ Kh7 36. g5 Bb2 37. Rb8 Bc3 38. Rb7+ Kg8 39. Nf4 Rb2 40. Nxg6 Rxb3 41. f4 Rb2+ 42. Kf3 b3 43. f5 Rb1 44. f6 Bxf6 45. gxf6 Rf1+ 46.
Ke4 Rxf6 47. Nf4 1-0

[Event "*** Titled Tuesday Blitz"]
[Site "Chess.com"]
[Date "2021.03.30"]
[Round "1"]
[White "SaraciNderim"]
[Black "Alopekos"]
[Result "1-0"]
[WhiteElo "2803"]
[BlackElo "2424"]
[TimeControl "180+1"]
[EndTime "10:06:11 PDT"]
[Termination "SaraciNderim won on time"]

1. d4 Nf6 2. Nf3 e6 3. Bg5 c5 4. e3 h6 5. Bh4 cxd4 6. exd4 Qb6 7. b3 Nc6 8. c3 Nh5 9. Bd3 Nf4 10. O-O d5 11. Re1 Nxd3 12. Qxd3 Be7 13. Bxe7 Nxe7 14. Nbd2 O-O 15. c4 Bd7 16. Ne5 Rfd8 17. c5 Qc7 18. b4 b6 19. Rac1 f6 20. Nxd7 Qxd7 21.
b5 a6 22. c6 Qd6 23. a4 axb5 24. axb5 Ra3 25. Qe2 Nf5 26. Nf3 Rxf3 27. Qxf3 Nxd4 28. Qd3 e5 29. Red1 Rc8 30. h3 Qb4 31. Rb1 Qd6 32. Qe3 Rc7 33. Rxd4 exd4 34. Qxd4 Kf7 35. Qxb6 d4 36. Rd1 d3 37. Rxd3 Qxd3 38. Qxc7+ Kg8 39. b6 Qd4 40. b7 1-0

[Event "*** Titled Tuesday Blitz"]
[Site "Chess.com"]
[Date "2021.03.30"]
[Round "1"]
[White "ChronicUnhappiness"]
[Black "olksuna"]
[Result "0-1"]
[WhiteElo "2349"]
[BlackElo "2660"]
[TimeControl "180+1"]
[EndTime "10:06:11 PDT"]
[Termination "olksuna won by resignation"]

1. d4 Nf6 2. c4 e6 3. Nc3 Bb4 4. Bd2 c5 5. Nf3 cxd4 6. Nxd4 Nc6 7. a3 Be7 8. e3 O-O 9. Be2 d6 10. O-O a6 11. Rc1 Ne5 12. h3 Qc7 13. f4 Ned7 14.
Bf3 Re8 15. b4 Bf8 16. Ne4 Nxe4 17. Bxe4 Nf6 18. Bf3 e5 19. Nb3 exf4 20. exf4 Bf5 21. Re1 Ne4 22. Nd4 Nxd2 23. Qxd2 Bd7 24. Bd5 Bc6 25.
Rxe8 Rxe8 26. Re1 Rxe1+ 27. Qxe1 Bxd5 28. cxd5 g6 29. Qe4 Qc3 30. Nf3 Qxa3 31. Qe8 Qc1+ 32. Kf2 Qxf4 33. Qc8 Qxb4 34. Qd7 Qc5+ 35. Kg3 Qxd5 0-1

[Event "*** Titled Tuesday Blitz"]
[Site "Chess.com"]
[Date "2021.03.30"]
[Round "1"]
[White "Zipa5"]
[Black "BigAl"]
[Result "0-1"]
[WhiteElo "1927"]
[BlackElo "2484"]
[TimeControl "180+1"]
[EndTime "10:06:12 PDT"]
[Termination "BigAl won on time"]

1. Nf3 Nf6 2. d4 g6 3. c4 Bg7 4. Nc3 O-O 5. e4 d6 6. Be2 Bg4 7. h3 Bxf3 8. Bxf3 Nc6 9. Be3 e5 10. d5 Nd4 11. Bxd4 exd4 12. Qxd4 Nxe4 13. Qd3 Bxc3+ 14.
bxc3 Nc5 15. Qd2 Re8+ 16. Kf1 Qh4 17. Qd4 Qe7 18. Kg1 Qe5 19. Qxe5 Rxe5 20. Kh2 Rae8 21. Rad1 b6 22. Rd2 f5 23. Rhd1 a5 24. g4 f4 25. h4 h6 26. Kg2 Kg7 27. Kf1 g5 28. hxg5 hxg5 29. Re2 Rxe2 30. Bxe2 Na4 31. Rc1 Rh8 32.
Kg2 Re8 33. Bd3 Nb2 34. Bf5 Nxc4 0-1

[Event "*** Titled Tuesday Blitz"]
[Site "Chess.com"]
[Date "2021.03.30"]
[Round "1"]
[White "Tsyhanchuk_Stanislav"]
[Black "Duhless"]
[Result "0-1"]
[WhiteElo "2474"]
[BlackElo "3051"]
[TimeControl "180+1"]
[EndTime "10:06:15 PDT"]
[Termination "Duhless won by resignation"]

1. e4 e5 2. Nf3 Nc6 3. Bb5 a6 4. Ba4 Nf6 5. O-O b5 6. Bb3 Bc5 7. d3 d6 8. c3 O-O 9. Nbd2 Bb6 10. h3 h6 11. Qe2 Ne7 12. Re1 Ng6 13. Nf1 Re8 14. Be3 c5 15. Ng3 Bb7 16. Rad1 d5 17.
exd5 Nxd5 18. Ne4 Ndf4 19. Qc2 Rc8 20. a4 Qd7 21. axb5 axb5 22. Ba2 Kh8 23. Qb3 f5 24. Ned2 Nxg2 25. Qf7 Qc6 26. Bd5 Qxd5 27. Qxg6 Nxe1 28.
Rxe1 Qc6 29. Qh5 f4 30. Ne4 fxe3 31. Nh4 exf2+ 32. Nxf2 c4 33. d4 exd4 34. Ng6+ Kh7 35. Qg4 0-1

[Event "*** Titled Tuesday Blitz"]
[Site "Chess.com"]
[Date "2021.03.30"]
[Round "1"]
[White "Savva09022009"]
[Black "GMJustin"]
[Result "1-0"]
[WhiteElo "2604"]
[BlackElo "2304"]
[TimeControl "180+1"]
[EndTime "10:06:15 PDT"]
[Termination "Savva09022009 won on time"]

1. d4 Nf6 2. c4 e6 3. g3 d5 4.
Nf3 dxc4 5. Bg2 Nc6 6. Qa4 Bb4+ 7.
Bd2 Nd5 8. Bxb4 Nxb4 9. O-O Bd7 10. Ne5 Rb8 11. Nxc6 Nxc6 12. Qxc4 O-O 13. Nc3 e5 14. d5 Nd4 15. e3 Nf5 16. Qd3 Nd6 17. f4 Qe7 18. Rac1 Rfe8 19. Rfe1 exf4 20. gxf4 Qh4 21. Kh1 Bh3 22. Rg1 Bxg2+ 23. Rxg2 Re7 24. Rcg1 f5 25. Ne2 Rbe8 26. Nd4 Rxe3 27. Rxg7+ Kh8 28. Qxe3 1-0

[Event "*** Titled Tuesday Blitz"]
[Site "Chess.com"]
[Date "2021.03.30"]
[Round "1"]
[White "zala02"]
[Black "Yaryi_sergey"]
[Result "0-1"]
[WhiteElo "2152"]
[BlackElo "2511"]
[TimeControl "180+1"]
[EndTime "10:06:16 PDT"]
[Termination "Yaryi_sergey won by checkmate"]

1. e4 g6 2. Nf3 Bg7 3. d4 c6 4.
Nc3 Na6 5. a4 Nc7 6. Be3 d5 7.
e5 h5 8. Bd3 Nh6 9. Ne2 Nf5 10.
Qd2 Ne6 11. c3 Nxe3 12. Qxe3 Bh6 13. Nf4 Nxf4 14. Kf1 Nxg2 15. Qe2 Nf4 16. Qc2 Nxd3 17. Qxd3 Bf5 18. Qe2 Be4 19. Rg1 Qd7 20. Nd2 Qh3+ 21. Ke1 Qxh2 22. Rf1 Qf4 23. Rd1 h4 24. c4 h3 25.
cxd5 Bxd5 26. f3 Qg3+ 27. Qf2 Bxd2+ 28. Rxd2 Qxf2+ 29. Kxf2 h2 30. Rh1 Rh3 31. Rd3 O-O-O 32. b4 g5 33. Kg2 Rdh8 34. b5 g4 35. bxc6 bxc6 36. e6 f5 37. Rb1 h1=Q+ 38. Rxh1 Bxf3+ 39. Rxf3 gxf3+ 40. Kf2 Rxh1 41. Kxf3 R1h4 42. a5 c5 43. Ke3 Rxd4 44. a6 Rh3+ 45. Kf2 Ra3 46. Ke2 Rd2+ 47.
Kxd2 Rxa6 48. Kc3 Rxe6 49. Kc4 f4 50. Kd5 Kd7 51. Kxc5 f3 52. Kb5 f2 53. Ka5 f1=Q 54. Kb4 a5+ 55. Kc3 a4 56. Kd4 a3 57. Kc5 Rd6 58. Kb4 a2 59. Kc5 Qc1+ 60. Kb4 Rb6+ 61.
Ka4 a1=Q# 0-1

[Event "*** Titled Tuesday Blitz"]
[Site "Chess.com"]
[Date "2021.03.30"]
[Round "1"]
[White "AlphaHero0"]
[Black "adricalderon8"]
[Result "0-1"]
[WhiteElo "2089"]
[BlackElo "2503"]
[TimeControl "180+1"]
[EndTime "10:06:16 PDT"]
[Termination "adricalderon8 won on time"]

1. e4 c5 2. Nf3 Nc6 3. Bb5 e5 4. Bxc6 dxc6 5. d3 f6 6. O-O Ne7 7. a4 a5 8. Re1 Ng6 9. Nbd2 Be7 10. b3 O-O 11. Nc4 Be6 12. Bd2 b6 13. g3 Nh8 14. h4 Nf7 15. Nh2 Nd6 16. g4 Nxc4 17.
bxc4 Qd7 18. h5 h6 19. Re3 Kh7 20. Rg3 Rfd8 21. Nf1 Rdb8 22. Ne3 b5 23. Qe2 Bf8 24. axb5 cxb5 25. Rxa5 Rxa5 26. Bxa5 b4 27. Nd5 Bxd5 28. exd5 Qa7 29. Qe4+ Kh8 30. Qg6 Qxa5 31. Qf7 Qd8 32. g5 fxg5 33. Rf3 Qe8 34. Qa7 Bd6 0-1

[Event "*** Titled Tuesday Blitz"]
[Site "Chess.com"]
[Date "2021.03.30"]
[Round "1"]
[White "Savagelittlemole"]
[Black "ApoIogiA"]
[Result "1-0"]
[WhiteElo "2520"]
[BlackElo "2176"]
[TimeControl "180+1"]
[EndTime "10:06:17 PDT"]
[Termination "Savagelittlemole won by resignation"]

1. e4 c5 2. Ne2 d6 3. g3 Nc6 4. Bg2 e5 5. O-O g6 6. c3 Bg7 7.
Na3 Nge7 8. Nc2 O-O 9. d4 cxd4 10.
cxd4 exd4 11. Nexd4 Be6 12. Be3 Rc8 13. Qd2 Ne5 14.
b3 Qd7 15. Nxe6 Qxe6 16. Rad1 Rfd8 17. Nd4 Qd7 18. Nf3 N7c6 19. Nxe5 Nxe5 20. Bxa7 Rc6 21. Bd4 Rdc8 22. f4 Rc2 23. Qe1 Ng4 24. Bxg7 Kxg7 25. h3 Nf6 26. e5 Ne8 27. exd6 Nxd6 28. Qe5+ f6 29. Qxd6 Qb5 30. Qd7+ Kh6 31. Qxb5 1-0

[Event "*** Titled Tuesday Blitz"]
[Site "Chess.com"]
[Date "2021.03.30"]
[Round "1"]
[White "BogdanDeac"]
[Black "FontVella8"]
[Result "1-0"]
[WhiteElo "3023"]
[BlackElo "2473"]
[TimeControl "180+1"]
[EndTime "10:06:18 PDT"]
[Termination "BogdanDeac won by resignation"]

1. e4 e6 2. Qe2 e5 3. Nf3 d6 4. d4 Nc6 5. Be3 Nf6 6. Nc3 Be7 7. dxe5 dxe5 8. Rd1 Bd7 9. g3 Qc8 10. Bg2 O-O 11.
O-O Bg4 12. Nd5 Re8 13. Nxe7+ Rxe7 14. Bc5 Re8 15. c3 h6 16. Rfe1 a6 17. b4 Qe6 18.
a4 Rad8 19. b5 axb5 20. axb5 Ne7 21. c4 Nc8 22. Rd3 Rxd3 23. Qxd3 b6 24. Bb4 Nd6 25. Nd2 Rd8 26. f3 Bh5 27. Rc1 Qc8 28.
Qe2 Nb7 29. Nf1 Nd7 30. Ne3 Bg6 31. Nd5 Ndc5 32. Ne7+ Kf8 33. Nxc8 Rxc8 34. Rd1 f6 35. f4 Bf7 36. fxe5 fxe5 37. Rf1 Kg8 38. Bc3 Re8 39. Rf5 Bg6 40. Rxe5 1-0

[Event "*** Titled Tuesday Blitz"]
[Site "Chess.com"]
[Date "2021.03.30"]
[Round "1"]
[White "FMJoseHerrera"]
[Black "tusplingher"]
[Result "1/2-1/2"]
[WhiteElo "2563"]
[BlackElo "2284"]
[TimeControl "180+1"]
[EndTime "10:06:18 PDT"]
[Termination "Game drawn by repetition"]

1. Nf3 g6 2. g3 Bg7 3. Bg2 c5 4. d3 Nc6 5. Nc3 d6 6. h4 h5 7.
e4 e5 8. O-O Nge7 9. Ng5 Bg4 10. f3 Bd7 11. Be3 Nd4 12. Ne2 Nec6 13. c3 Nxe2+ 14.
Qxe2 Qe7 15. a3 O-O-O 16. b4 b6 17. a4 f5 18. a5 Kb7 19. d4 exd4 20. cxd4 Nxd4 21.
Bxd4 Bxd4+ 22. Kh2 b5 23. bxc5 dxc5 24. f4 Bc6 25. a6+ Kb6 26. Qa2 Bxa1 27. Rxa1 Kc7 28. Ne6+ Kb8 29. Nxd8 Rxd8 30. exf5 Bxg2 31. Qxg2 gxf5 32. Qc6 Qe2+ 33. Kh1 Rd1+ 34. Rxd1 Qxd1+ 35. Kh2 Qe2+ 36. Kh3 Qg4+ 37. Kh2 Qe2+ 38. Kh1 Qf1+ 39. Kh2 Qf2+ 40. Kh3 Qf1+ 41. Kh2 Qf2+ 42. Kh3 Qf1+ 43. Kh2 1/2-1/2

[Event "*** Titled Tuesday Blitz"]
[Site "Chess.com"]
[Date "2021.03.30"]
[Round "1"]
[White "Eltaj_Safarli"]
[Black "Manukyan_Artak"]
[Result "1-0"]
[WhiteElo "2858"]
[BlackElo "2443"]
[TimeControl "180+1"]
[EndTime "10:06:19 PDT"]
[Termination "Eltaj_Safarli won by resignation"]

1. e4 c6 2. d4 d5 3. exd5 cxd5 4. c4 Nf6 5. Nc3 g6 6. Qb3 Bg7 7. cxd5 O-O 8. Be2 Nbd7 9. Bf3 Nb6 10. Bg5 Bf5 11. Rd1 Rc8 12. Nge2 Nc4 13. O-O a6 14. a4 Na5 15. Qb4 Rc4 16. Qa3 Bc2 17.
Rd2 Bf5 18. Ng3 Bd7 19. Re1 Re8 20. h3 Bf8 21. Qa2 Rb4 22. d6 exd6 23. Rxe8 Bxe8 24. Nd5 Rxa4 25. Nxf6+ Qxf6 26. Qxa4 Qxg5 27. Qc2 Ba4 28. Qc3 Nc6 29. Ne4 Qf4 30. Qe3 Qxe3 31. fxe3 d5 32. Nf6+ Kg7 33. Nxd5 f5 34. Bd1 Bb5 35. Bb3 Na5 36.
Ba2 Nc4 37. Rc2 Nd6 38. Rc7+ Kh6 39. Nf6 Bg7 40. Ng8+ 1-0

[Event "*** Titled Tuesday Blitz"]
[Site "Chess.com"]
[Date "2021.03.30"]
[Round "1"]
[White "ckgchess"]
[Black "mr_gustavo"]
[Result "1-0"]
[WhiteElo "2702"]
[BlackElo "2379"]
[TimeControl "180+1"]
[EndTime "10:06:19 PDT"]
[Termination "ckgchess won by resignation"]

1. d4 Nf6 2. Nf3 e6 3. g3 d5 4. Bg2 c5 5. O-O Nc6 6. c4 dxc4 7. dxc5 Qxd1 8. Rxd1 Bxc5 9. Nbd2 c3 10. bxc3 O-O 11. Nb3 Be7 12. c4 Bd7 13. Bb2 Rfd8 14. Nfd4 Rac8 15.
Nb5 Be8 16. c5 Nd5 17. Nd6 Bxd6 18. cxd6 Ncb4 19. e4 Nb6 20. a3 Na6 21. e5 Ba4 22.
Rd3 Bc6 23. Bxc6 Rxc6 24. Na5 Rc2 25. Bd4 Rd7 26. Rb1 Nc5 27. Rc3 Rxc3 28. Bxc3 Nd5 29. Bd4 Na6 30. Nxb7 Rxb7 31. Rxb7 1-0

[Event "*** Titled Tuesday Blitz"]
[Site "Chess.com"]
[Date "2021.03.30"]
[Round "1"]
[White "Perecke"]
[Black "Firegrizzly"]
[Result "0-1"]
[WhiteElo "2311"]
[BlackElo "2611"]
[TimeControl "180+1"]
[EndTime "10:06:19 PDT"]
[Termination "Firegrizzly won by resignation"]

1. e4 e6 2. d4 d5 3. Nc3 Be7 4. f3 b6 5. Bd3 Nf6 6. e5 Nfd7 7. Nge2 h5 8. O-O c5 9. f4 g6 10. Be3 Ba6 11. Bxa6 Nxa6 12. a3 Rc8 13. h3 h4 14. Qe1 Nab8 15. Qf2 Nc6 16. f5 gxf5 17. Nxd5 cxd4 18. Nxd4 Ndxe5 19. Nxe7 Qxe7 20. Rad1 Rg8 21. c3 Nc4 22. Bc1 Nxd4 23. Rxd4 Nd6 24. Qe2 e5 25. Re1 f6 26. Rd5 Nf7 27. Qb5+ Kf8 28.
b4 Ng5 29. Bxg5 Rxg5 30. Rd7 Qe6 31. Red1 f4 32. Qa6 Re8 33. Qxa7 f3 34. Rh7 Rxg2+ 35. Kf1 Qc4+ 0-1

[Event "*** Titled Tuesday Blitz"]
[Site "Chess.com"]
[Date "2021.03.30"]
[Round "1"]
[White "kuli4ik"]
[Black "Gnechko_Ruslan"]
[Result "1-0"]
[WhiteElo "2849"]
[BlackElo "2442"]
[TimeControl "180+1"]
[EndTime "10:06:20 PDT"]
[Termination "kuli4ik won by resignation"]

1. Nf3 d5 2. g3 c6 3. Bg2 Nf6 4. O-O Nbd7 5. d4 e6 6. c4 Be7 7. Qc2 O-O 8. Nbd2 a5 9. e4 b6 10. Re1 Ba6 11. h4 Rc8 12. b3 c5 13. cxd5 cxd4 14.
Qb2 exd5 15. e5 Ne4 16. Nxe4 dxe4 17. Rxe4 Bb4 18. Bg5 Qc7 19. Rd1 Bc3 20. Qb1 Bb7 21. Re2 Bxf3 22. Bxf3 Nxe5 23. Be4 d3 24. Bxd3 Nf3+ 25.
Kg2 Nxg5 26. hxg5 g6 27. Bc4 b5 28. Bd5 Rfe8 29. Rxe8+ Rxe8 30. Qd3 b4 31. Bc4 Qe5 32. Qf3 Re7 33. Rd5 Qe4 34. Qxe4 Rxe4 35. Rd7 Re5 36.
Rxf7 Rc5 37. Rc7+ Rxc4 38. Rxc4 Bd2 39. f4 Bc3 40. Rc7 Bd2 41. Kf3 Bc3 42. Ke4 Be1 43. g4 Bg3 44. Ra7 Be1 45. Rxa5 Kg7 46. Ra7+ Kg8 47.
a4 bxa3 48. Rxa3 1-0

[Event "*** Titled Tuesday Blitz"]
[Site "Chess.com"]
[Date "2021.03.30"]
[Round "1"]
[White "ymoy"]
[Black "nicolochessit"]
[Result "1-0"]
[WhiteElo "2720"]
[BlackElo "2376"]
[TimeControl "180+1"]
[EndTime "10:06:22 PDT"]
[Termination "ymoy won on time"]

1. e4 c6 2. d4 d5 3. Nc3 dxe4 4.
Nxe4 Bf5 5. Nc5 b6 6. Nb3 Nf6 7. Bd3 Bxd3 8. Qxd3 Qd7 9. Nf3 g6 10. Ne5 Qd6 11. Bf4 Nd5 12. Bg3 Qf6 13. c4 Nb4 14. Qc3 a5 15. c5 Nd5 16. Qd2 a4 17. Nc1 b5 18. O-O Bg7 19. Ncd3 O-O 20. Rae1 e6 21. f3 Rd8 22. Qf2 Nd7 23. Bh4 g5 24. Bg3 Nxe5 25. Nxe5 Qh6 26. Nxc6 Rd7 27. h4 Rc8 28. Ne5 Rdd8 29. hxg5 Qxg5 30. Bh4 Qh5 31. Bxd8 Rxd8 32.
Qg3 Kh8 33. Re4 Rg8 34. Qh4 Qf5 35. g4 Bxe5 36. dxe5 Qg6 37. c6 Nc7 38. Rd1 Nd5 39. Rc1 Qg7 40. c7 Rc8 41. Qd8+ Qg8 42. Qxg8+ Kxg8 43. Rd4 Rxc7 44. Rxc7 Nxc7 45. Rd7 Nd5 46. Kf2 Kg7 47. Kg3 Kg6 48. f4 1-0

[Event "*** Titled Tuesday Blitz"]
[Site "Chess.com"]
[Date "2021.03.30"]
[Round "1"]
[White "katchesskat"]
[Black "DaroZin"]
[Result "1-0"]
[WhiteElo "2317"]
[BlackElo "2578"]
[TimeControl "180+1"]
[EndTime "10:06:23 PDT"]
[Termination "katchesskat won by resignation"]

1. c4 e5 2. e3 Nf6 3. a3 Nc6 4. Qc2 d5 5. cxd5 Nxd5 6. Nf3 Bd6 7. b4 O-O 8. Bb2 a6 9. h4 Bg4 10. Ng5 g6 11. Bc4 Nce7 12. Qb3 h6 13. Ne4 c6 14. h5 gxh5 15. Ng3 b5 16. Bd3 Ng6 17. Nxh5 Be6 18. Qc2 Qg5 19. Ng3 f5 20. Rh5 Qg4 21. Rxh6 e4 22.
Be2 Qg5 23. Rh5 Qe7 24. Nc3 f4 25. Ngxe4 fxe3 26. dxe3 Nxc3 27. Qxc3 Bf5 28. Nxd6 1-0

[Event "*** Titled Tuesday Blitz"]
[Site "Chess.com"]
[Date "2021.03.30"]
[Round "1"]
[White "dachessmandan"]
[Black "niki_2003"]
[Result "1-0"]
[WhiteElo "2497"]
[BlackElo "2048"]
[TimeControl "180+1"]
[EndTime "10:06:24 PDT"]
[Termination "dachessmandan won by checkmate"]

1. e4 c6 2. d4 d5 3. exd5 cxd5 4. Bd3 Nf6 5. c3 Nc6 6. Bf4 e6 7. Nf3 Bd6 8. Bg3 O-O 9. O-O Re8 10. Re1 Qc7 11.
Qe2 Nd7 12. Bxh7+ Kxh7 13. Ng5+ Kg8 14. Qh5 Nf6 15. Bxd6 Nxh5 16. Bxc7 f6 17. Nf3 Bd7 18. g4 Rac8 19. Bd6 e5 20. gxh5 Bg4 21. Nbd2 exd4 22. Rxe8+ Rxe8 23. Nxd4 Nxd4 24. cxd4 Bxh5 25. Rc1 Re2 26.
Bf4 g5 27. Be3 Kg7 28. Kf1 Kg6 29. Re1 Rxe1+ 30. Kxe1 Kf5 31. Nb3 Kg4 32. Kf1 f5 33. Kg2 f4 34. f3+ Kh4 35. Bf2# 1-0

[Event "*** Titled Tuesday Blitz"]
[Site "Chess.com"]
[Date "2021.03.30"]
[Round "1"]
[White "Escanor89"]
[Black "yuki_chess123"]
[Result "1-0"]
[WhiteElo "2549"]
[BlackElo "2240"]
[TimeControl "180+1"]
[EndTime "10:06:25 PDT"]
[Termination "Escanor89 won by checkmate"]

1. c4 e5 2. Nc3 Bb4 3. g3 Bxc3 4. bxc3 Nf6 5. Bg2 O-O 6. e4 Na6 7. Ne2 Nc5 8. d3 d6 9. O-O b6 10. h3 h6 11. Be3 Re8 12. Qd2 Be6 13. f4 Rc8 14. Kh2 exf4 15. Nxf4 Nfd7 16. d4 Na4 17. d5 Bg4 18. hxg4 Ne5 19. Bd4 Nxc4 20. Qe2 b5 21. Nh5 Ne5 22. Kg1 a6 23. Rf4 c5 24. dxc6 Rxc6 25.
Qd2 Qc8 26. Raf1 Re7 27. Nxg7 Kxg7 28. Rf6 Rxc3 29. Qxh6+ Kg8 30. R6f5 Qe6 31. Rg5+ Qg6 32. Rxg6+ fxg6 33. Rf8# 1-0

[Event "*** Titled Tuesday Blitz"]
[Site "Chess.com"]
[Date "2021.03.30"]
[Round "1"]
[White "mbojan"]
[Black "chessdiamant"]
[Result "1-0"]
[WhiteElo "2665"]
[BlackElo "2346"]
[TimeControl "180+1"]
[EndTime "10:06:26 PDT"]
[Termination "mbojan won by resignation"]

1. g3 c5 2. Bg2 Nc6 3. c4 g6 4. Nc3 Bg7 5. e3 e5 6. Nge2 Nge7 7. d3 d6 8. O-O O-O 9. a3 a5 10. Rb1 Be6 11. Nd5 f5 12. Bd2 Rb8 13. b4 axb4 14.
axb4 cxb4 15. Nxe7+ Qxe7 16. Bxb4 Nxb4 17. Rxb4 d5 18. Qb3 dxc4 19. dxc4 g5 20. Bd5 f4 21. Bxe6+ Qxe6 22. c5 Qxb3 23. Rxb3 Rfc8 24. Nc3 Rxc5 25.
Ne4 Rc4 26. Nxg5 Bh6 27. Nf3 e4 28. Ne5 Rc5 29. Nd7 Rbc8 30. Nxc5 Rxc5 31. exf4 b5 32. Rfb1 Bg7 33. Rxb5 Rc2 34. R5b4 Re2 35. Kf1 Ra2 36. Rxe4 h6 37. Re2 Ra3 38. Kg2 h5 39. h4 Bd4 40.
Rd1 Ra4 41. Re4 1-0

[Event "*** Titled Tuesday Blitz"]
[Site "Chess.com"]
[Date "2021.03.30"]
[Round "1"]
[White "Arvids_Andrejevs"]
[Black "Murad_Ibrahimli"]
[Result "0-1"]
[WhiteElo "2430"]
[BlackElo "2813"]
[TimeControl "180+1"]
[EndTime "10:06:28 PDT"]
[Termination "Murad_Ibrahimli won by resignation"]

1. e4 c5 2. c3 d5 3. exd5 Qxd5 4. d4 g6 5. Nf3 Bg7 6. Be3 cxd4 7. cxd4 Nf6 8. h3 O-O 9. Nc3 Qd6 10. Bc4 Na6 11.
O-O Nc7 12. Re1 Be6 13. Bxe6 Nxe6 14. Rc1 a6 15. d5 Nc7 16. Qb3 Ncxd5 17. Rcd1 e6 18.
Na4 b5 19. Nb6 Rab8 20. Nxd5 Nxd5 21. Bd4 Bxd4 22. Rxd4 Rfc8 23. Qd3 Rc4 24. Rxc4 bxc4 25. Qxc4 Rxb2 26. Rd1 Qb6 27. Nd4 Kg7 28. a4 Rb4 29.
Qd3 Rxa4 30. Qe4 Rb4 31. Qe5+ Kg8 32. h4 Rb1 33. Rxb1 Qxb1+ 34. Kh2 Qb6 35. h5 Qc7 36. Qxc7 Nxc7 37. hxg6 hxg6 38. Nc6 Kf8 39. Kg3 Ke8 40. Kf4 Kd7 41. Nb8+ Ke7 42. Ke5 f6+ 43. Kf4 Kd6 44.
g4 g5+ 45. Ke4 a5 0-1

[Event "*** Titled Tuesday Blitz"]
[Site "Chess.com"]
[Date "2021.03.30"]
[Round "1"]
[White "Chesswizard_2007"]
[Black "kekic76"]
[Result "1-0"]
[WhiteElo "2719"]
[BlackElo "2390"]
[TimeControl "180+1"]
[EndTime "10:06:29 PDT"]
[Termination "Chesswizard_2007 won by resignation"]

1. e4 c5 2. Nf3 e6 3. Nc3 a6 4.
a4 Nc6 5. g3 Nf6 6. Bg2 d5 7.
exd5 Nxd5 8. O-O Be7 9. Nxd5 Qxd5 10. d4 Qd8 11. dxc5 Qxd1 12. Rxd1 Bxc5 13. b3 Bd7 14. Bb2 f6 15. Rd2 O-O-O 16. Rad1 Kc7 17. h4 Bc8 18.
Kf1 Rxd2 19. Rxd2 Rd8 20. Rxd8 Kxd8 21. Nd2 Kc7 22. Ke2 e5 23. Be4 h6 24. f3 Nd4+ 25.
Kf1 Bd7 26. g4 Bc6 27. Bxd4 Bxd4 28. Ke2 Bc3 29. Bxc6 Kxc6 30. Ne4 Bb4 31. h5 b5 32. axb5+ axb5 33. Ng3 Bf8 34. c3 Kd5 35. Kd3 Bc5 36. Nf5 Bf8 37. Ng3 Bc5 38. c4+ bxc4+ 39. bxc4+ Ke6 40. Nf5 Bf8 41. Ke4 Kf7 42. Nh4 Ke6 43. Nf5 Kf7 44. Kd5 g6 45. Nd6+ Kg7 46. c5 Be7 47. Ke6 gxh5 48. Kxe7 hxg4 49. fxg4 1-0

[Event "*** Titled Tuesday Blitz"]
[Site "Chess.com"]
[Date "2021.03.30"]
[Round "1"]
[White "Raud100"]
[Black "abykhovsky"]
[Result "0-1"]
[WhiteElo "2385"]
[BlackElo "2715"]
[TimeControl "180+1"]
[EndTime "10:06:29 PDT"]
[Termination "abykhovsky won on time"]

1. d4 Nf6 2. c4 c5 3. d5 b5 4. f3 b4 5. e4 d6 6. a4 g6 7. b3 Bg7 8. Bb2 O-O 9. Qc2 e6 10.
Nd2 Re8 11. O-O-O Nbd7 12. Bd3 Ne5 13. Ne2 a5 14. Rhe1 exd5 15. cxd5 Nfd7 16. Bb5 Ba6 17. Bxa6 Rxa6 18. Kb1 Nb6 19. Ng3 Ra7 20. Ngf1 c4 21. Nxc4 Nexc4 22. bxc4 Bxb2 23. Kxb2 Qd7 24. Ra1 b3 25.
Qxb3 Rb7 26. Ka3 Nxd5 27. Qd1 Nb4 28. Ne3 Reb8 29. Rb1 Qe7 0-1

[Event "*** Titled Tuesday Blitz"]
[Site "Chess.com"]
[Date "2021.03.30"]
[Round "1"]
[White "hermionegrangermagic"]
[Black "chessmadara"]
[Result "1-0"]
[WhiteElo "2527"]
[BlackElo "2198"]
[TimeControl "180+1"]
[EndTime "10:06:30 PDT"]
[Termination "hermionegrangermagic won by resignation"]

1. e4 c5 2. Nf3 Nc6 3. d4 cxd4 4. Nxd4 g6 5. Nc3 Bg7 6. Be3 Nf6 7. Bc4 O-O 8. Bb3 d6 9. f3 Bd7 10. Qd2 Rb8 11.
O-O-O b5 12. h4 h5 13. g4 a5 14. Nxc6 Bxc6 15. gxh5 Nxh5 16. Bh6 b4 17. Na4 Qd7 18. Bxg7 Kxg7 19. Nc5 Qa7 20. Qd4+ Kg8 21. Ne6 Qxd4 22. Nxd4 Bd7 23. Rhg1 a4 24. Rxg6+ Kh7 25. Rg5 Nf4 26.
Bc4 Rbc8 27. Bb5 Bxb5 28. Rxb5 Rc4 29. Kb1 Rfc8 30. b3 axb3 31. axb3 Rc3 32. Rxb4 Rxf3 33. Nxf3 1-0

[Event "*** Titled Tuesday Blitz"]
[Site "Chess.com"]
[Date "2021.03.30"]
[Round "1"]
[White "Sweafty"]
[Black "WiktoriaPOL"]
[Result "1-0"]
[WhiteElo "2499"]
[BlackElo "2058"]
[TimeControl "180+1"]
[EndTime "10:06:30 PDT"]
[Termination "Sweafty won by resignation"]

1. e4 c5 2. Nf3 d6 3. d4 cxd4 4. Nxd4 Nf6 5. Nc3 a6 6. f4 e5 7. Nf3 Nc6 8. fxe5 dxe5 9. Qxd8+ Kxd8 10. Bg5 Bb4 11. O-O-O+ Ke8 12. Bxf6 gxf6 13. Nd5 Ba5 14. Nxf6+ Ke7 15. Nd5+ Kf8 16. Bc4 b5 17. Bb3 Kg7 18.
Rhf1 Be6 19. Ng5 Nd4 20. Nxe6+ fxe6 21. Ne3 Rhf8 22. c3 Nxb3+ 23. axb3 Rf4 24. Rxf4 exf4 25. Ng4 h5 26. Rd7+ Kg6 27. Ne5+ Kf6 28. Nf3 Rd8 29. Rxd8 Bxd8 30. Kd2 e5 31. Kd3 Ke6 32.
c4 b4 33. c5 Bc7 34. Kc4 a5 35. Kb5 Kd7 36. Nd2 h4 37. h3 Ke6 38. Nc4 Kf6 39. Kc6 Bd8 40. Kd7 Be7 41. c6 Bc5 42. c7 Kg5 43. Nd2 f3 44. Nxf3+ Kf4 45. c8=Q 1-0

[Event "*** Titled Tuesday Blitz"]
[Site "Chess.com"]
[Date "2021.03.30"]
[Round "1"]
[White "rugbyclub"]
[Black "valeriocarnicelli"]
[Result "0-1"]
[WhiteElo "2275"]
[BlackElo "2576"]
[TimeControl "180+1"]
[EndTime "10:06:32 PDT"]
[Termination "valeriocarnicelli won by resignation"]

1. e4 b6 2. d4 Bb7 3. Nd2 e6 4. Ngf3 d5 5. Bd3 c5 6. c3 Nc6 7. O-O Nf6 8. e5 Nd7 9. a3 Be7 10. Re1 Qc7 11. b4 O-O-O 12. bxc5 bxc5 13. c4 Nxd4 14. Nxd4 cxd4 15. Bb2 Nxe5 16. Bf1 dxc4 17. Nxc4 Nxc4 18.
Bxc4 Kb8 19. Qb3 Bf6 20. Rab1 Ka8 21. Rec1 Bg5 22. Rc2 Be4 23. Bd3 Qb7 24. Bxd4 Rxd4 25. Bxe4 Qxe4 26. Rc7 Ra4 27. Rbc1 Bxc1 0-1

[Event "*** Titled Tuesday Blitz"]
[Site "Chess.com"]
[Date "2021.03.30"]
[Round "1"]
[White "I_Enchev"]
[Black "beto-betun"]
[Result "1-0"]
[WhiteElo "2536"]
[BlackElo "2214"]
[TimeControl "180+1"]
[EndTime "10:06:32 PDT"]
[Termination "I_Enchev won on time"]

1. d4 Nf6 2. c4 g6 3. f3 Bg7 4. e4 d6 5. Nc3 O-O 6. Nge2 c5 7. d5 e6 8. Ng3 exd5 9. cxd5 Re8 10. Be2 a6 11. a4 Nbd7 12. O-O Rb8 13. Bg5 h6 14. Be3 Ne5 15. Qd2 Kh7 16. h3 c4 17. a5 Bd7 18. f4 Nd3 19. Bxd3 cxd3 20. Qxd3 Qe7 21.
Rae1 Rbc8 22. Bd4 Bb5 23. Nxb5 axb5 24. Qxb5 Rc2 25. Qd3 Rec8 26. Bc3 R2xc3 27. bxc3 Nd7 28. c4 Nc5 29. Qf3 Ra8 30. e5 Rxa5 31. Ne4 Nxe4 32. Rxe4 Ra2 33. e6 fxe6 34. Rxe6 Qc7 35. Qe4 Qb6+ 36.
Kh1 1-0